 Dungeon Crawl Stone Soup version 0.26-a0-651-gb41185065b (webtiles) character file.

Game seed: 744402688482410574

15 Irenicus the Scratcher (level 2, -1/14 HPs)
             Began as a Felid Chaos Knight on Oct 30, 2020.
             Was a Plaything of Xom.
             Slain by a kobold
             ... wielding a +0 dagger
              (5 damage)
             ... on level 1 of the Dungeon.
             The game lasted 00:00:37 (178 turns).

Irenicus the Scratcher (Felid Chaos Knight)          Turns: 178, Time: 00:00:38

Health: -1/14      AC:  1    Str:  8    XL:     2   Next: 34%
Magic:  3/3        EV: 18    Int: 13    God:    Xom [.*....]
Gold:   13         SH:  0    Dex: 15    Spells: 1/1 levels left
                                        Lives:  0   Deaths: 0

rFire    . . .     SeeInvis +     - Unarmed
rCold    . . .     Faith    .   (shield unavailable)
rNeg     . . .     Spirit   .   (armour unavailable)
rPois    .         Reflect  .   (helmet unavailable)
rElec    .         Harm     .   (cloak unavailable)
rCorr    .         Rampage  .   (gloves unavailable)
MR       .....                  (boots unavailable)
Stlth    ++........             (no amulet)
HPRegen  0.04/turn              (no ring)
MPRegen  0.08/turn              (no ring)

@: quick
A: very small, no armour, no weapons or thrown items, stealth, claws 1, fangs 3,
see invisible, speed 1, shaggy fur 1, sharp paws
a: Renounce Religion


You were on level 1 of the Dungeon.
You worshipped Xom.
You were a plaything of Xom.
You visited 1 branch of the dungeon, and saw 1 of its levels.

You collected 13 gold pieces.

Inventory:

Potions
 a - a potion of heal wounds {unknown}


   Skills:
 - Level 3.0 Fighting
 - Level 3.2 Dodging
 + Level 3.8 Unarmed Combat


You had one spell level left.
You didn't know any spells.
Your spell library was empty.

Dungeon Overview and Level Annotations

Branches:
Dungeon (1/15)

Altars:


Innate Abilities, Weirdness & Mutations

You cannot wear armour.
You are incapable of wielding weapons or throwing items.
Your paws allow you to move quietly. (Stealth)
You have sharp claws.
You have razor-sharp teeth.
You have supernaturally acute eyesight. (SInv)
You cover ground quickly.
You are covered in fur. (AC +1)
Your sharp claws are effective at attacking unaware monsters.


Message History

You closely miss the goblin. The goblin misses you.
You closely miss the goblin. You bite the goblin.
The goblin is severely wounded.
You scratch the goblin.
You kill the goblin!
No target in view!
Things that are here:
a +0 club; a bat corpse A goblin comes into view.
It is wielding a +0 club.
The goblin shouts!
You scratch the goblin.
You kill the goblin!
An ooze comes into view.
You see here a +0 club.
An ooze is nearby!
The ooze closely misses you.
You scratch the ooze.
The ooze is moderately wounded.
The ooze barely misses you.
You scratch the ooze.
The ooze is moderately wounded.
The ooze hits you.
You take 2 damage, and have 8/10 hp.
You scratch the ooze. You bite the ooze.
You kill the ooze!
You have reached level 2!
Xom is interested.
You regained 4 hp, and now have 12/14 hp.
MP restored: 3 A bat comes into view.
A bat is nearby!
The bat closely misses you.
You scratch the bat.
The bat is moderately wounded.
The bat misses you. The bat misses you.
A bat is nearby!
The bat closely misses you. The bat barely misses you.
The bat hits you but does no damage.
You scratch the bat but do no damage. The bat closely misses you.
The bat misses you.
You barely miss the bat. The bat hits you.
You take 1 damage, and have 11/14 hp.
You barely miss the bat. The bat barely misses you. The bat misses you.
You barely miss the bat. The bat barely misses you.
You closely miss the bat. The bat barely misses you.
You barely miss the bat. The bat hits you. The bat misses you.
You take 1 damage, and have 10/14 hp.
You scratch the bat.
You kill the bat!
Found a stone staircase leading down.
A frilled lizard comes into view.
A frilled lizard is nearby!
A goblin comes into view. It is wielding a +0 club.
You see here a whip.
The frilled lizard hisses angrily.
You see here a lumpy pink potion.
a - a lumpy pink potion The goblin enters a dispersal trap!
You blink.
The goblin blinks!
A jackal comes into view.
A kobold comes into view. It is wielding a +0 dagger.
You scratch the goblin.
The goblin is severely wounded.
The goblin closely misses you.
You scratch the goblin.
You kill the goblin!
A jackal comes into view.
Things that are here:
a +0 club; a goblin corpse The jackal barks!
The kobold shouts!
The frilled lizard completely misses you.
You scratch the frilled lizard.
You kill the frilled lizard!
The jackal bites you.
You see here a frilled lizard corpse.
You take 2 damage, and have 9/14 hp.
You closely miss the jackal. The jackal bites you. The jackal misses you.
You take 1 damage, and have 8/14 hp.
The jackal barks!
You scratch the jackal but do no damage.
The jackal bites you.
You take 1 damage, and have 7/14 hp.
You scratch the jackal.
The jackal is severely wounded.
The jackal closely misses you.
You completely miss the jackal.
The jackal is severely wounded.
The jackal misses you.
The jackal enters a dispersal trap!
The kobold blinks!
The jackal blinks! x2; You blink.
The jackal blinks!
You scratch the jackal.
You kill the jackal!
You scratch the kobold but do no damage.
You barely miss the kobold. The kobold hits you with a +0 dagger.
* * * LOW HITPOINT WARNING * * *
The jackal barely misses you.
You take 3 damage, and have 4/14 hp.
MASSIVE DAMAGE!!
You scratch the kobold but do no damage.
The kobold hits you with a +0 dagger.
You die...

.......§....#
###.........# #.........#
#...^.....# #....([...#
#.....†...# ###.........#
#....>......########.
#...........K@.......
####.)....##...h........
..........##............
..#........#............
..#........#............
#.#.....l..#............
..#....................###
..#......................#
#.########.... ........# #


You could see a jackal and a kobold.

Vanquished Creatures
  An ooze (D:1)
  2 bats (D:1)
  3 goblins (D:1)
  A hobgoblin (D:1)
  A jackal (D:1)
  A frilled lizard (D:1)
9 creatures vanquished.

Notes
Turn   | Place    | Note
-------+----------+-------------------------------------------
     0 | D:1      | Irenicus the Felid Chaos Knight began the quest for the
                  | Orb.
     0 | D:1      | Reached XP level 1. HP: 10/10 MP: 2/2
   112 | D:1      | Reached XP level 2. HP: 12/14 MP: 3/3
   178 | D:1      | Slain by a kobold

Illustrated notes

Levels and vault maps discovered:
D:1:      erik_arrival_blinker_ship, layout_basic, serial_bayou_pond_a,
          columned_hall_lemuel

Action                   || total
-------------------------++-------
Melee: Unarmed           ||    28
       Bite              ||     2
       Punch             ||     1
Armor: Skin              ||     1
Dodge: Dodged            ||    26

Table legend: (Time is in decaauts)
 A = Elapsed time spent in this place.
 B = Non-inter-level travel time spent in this place.
 C = Inter-level travel time spent in this place.
 D = Time resting spent in this place.
 E = Time spent auto-exploring this place.
 F = Levels seen in this place.
 G = Mean time per level.
                   A        B        C        D        E       F      G
               +--------+--------+--------+--------+--------+-----+--------+
         Total |    146 |    146 |      0 |      0 |     80 |   1 |  146.0 |
       Dungeon |    146 |    146 |      0 |      0 |     80 |   1 |  146.0 |
               +--------+--------+--------+--------+--------+-----+--------+

Top non-repeatable levels by time:
     D:1: 146 daAuts

Table legend:
 A = Kills in this place as a percentage of kills in entire the game.
 B = Kills by you in this place as a percentage of kills by you in the entire game.
 C = Kills by friends in this place as a percentage of kills by friends in the entire game.
 D = Other kills in this place as a percentage of other kills in the entire game.
 E = Experience gained in this place as a percentage of experience gained in the entire game.
 F = Experience gained in this place divided by the number of levels of this place that you have seen.
                   A       B       C       D       E      F
               +-------+-------+-------+-------+-------+----------------------
         Total | 100.0 | 100.0 |   N/A |   N/A | 100.0 |  22.0
       Dungeon | 100.0 | 100.0 |   N/A |   N/A | 100.0 |  22.0
               +-------+-------+-------+-------+-------+----------------------
